 Dungeon Crawl Stone Soup version 0.27.1-4-g1640c2035a (webtiles) character file.

Game seed: 16308910782292101547

9046 McKennaii the Spear-Bearer (level 11, -2/89 HPs)
             Began as a Demonspawn Fighter on Nov 11, 2021.
             Was an Elder of Makhleb.
             Slain by a vampire (10 damage)
             ... on level 9 of the Dungeon.
             The game lasted 00:22:46 (8493 turns).

McKennaii the Spear-Bearer (Demonspawn Fighter)     Turns: 8493, Time: 00:22:47

Health: -2/89      AC: 20    Str: 19    XL:     11   Next: 17%
Magic:  11/11      EV:  7    Int:  9    God:    Makhleb [****..]
Gold:   480        SH: 11    Dex: 20    Spells: 10/10 levels left

rFire    + . .     SeeInvis .   a - +0 trident
rCold    . . .     Faith    .   c - +0 kite shield
rNeg     . . .     Spirit   .   N - +4 chain mail
rPois    .         Reflect  .   (no helmet)
rElec    .         Harm     .   y - +0 cloak
rCorr    .         Rampage  .   M - +0 pair of gloves
Will     .....                  (no boots)
Stlth    ..........             e - amulet of regeneration
HPRegen  1.24/turn              C - +6 ring of dexterity
MPRegen  0.12/turn              B - ring of protection from fire

@: lethally poisoned (-2 -> -3), slowed, very slow
A: talons 1, thin metallic scales 2, demonic guardian 1, demonic magic 1
a: Renounce Religion, Minor Destruction, Lesser Servant of Makhleb, Major
Destruction


You were on level 9 of the Dungeon.
You worshipped Makhleb.
Makhleb was greatly pleased with you.
You visited 1 branch of the dungeon, and saw 9 of its levels.
You also visited: Ossuary.

You collected 776 gold pieces.
You spent 296 gold pieces at shops.

Inventory:

Hand Weapons
 a - a +0 trident (weapon)
Missiles
 F - 4 throwing nets (quivered)
Armour
 c - a +0 kite shield (worn)
 y - a +0 cloak (worn)
 M - a +0 pair of gloves (worn)
 N - a +4 chain mail (worn)
Jewellery
 e - an amulet of regeneration (around neck)
 g - a ring of ice
 B - a ring of protection from fire (right hand)
 C - a +6 ring of dexterity (left hand)
Wands
 b - a wand of charming (7)
 o - a wand of acid (15)
 s - a wand of flame (14)
 D - a wand of digging (4)
 E - a wand of paralysis (7)
 K - a wand of iceblast (11)
Scrolls
 h - a scroll of identify
 j - a scroll of brand weapon {unknown}
 k - 2 scrolls of teleportation
 l - 4 scrolls of magic mapping {unknown}
 m - a scroll of torment {unknown}
 n - 3 scrolls of amnesia
 p - 2 scrolls of enchant weapon {unknown}
 t - 2 scrolls of blinking {unknown}
 z - a scroll of immolation {unknown}
 A - 2 scrolls of enchant armour {unknown}
 G - a scroll of summoning {unknown}
Potions
 d - 3 potions of might
 f - 5 potions of haste
 i - a potion of resistance {unknown}
 q - 6 potions of curing
 r - 5 potions of degeneration {unknown}
 u - a potion of attraction {unknown}
 v - 2 potions of flight {unknown}
 w - 4 potions of invisibility {unknown}
 x - 6 potions of mutation
 H - 2 potions of heal wounds
 I - 2 potions of lignification
 J - a potion of cancellation {unknown}
 L - 3 potions of magic {unknown}


   Skills:
 * Level 9.2 Fighting
 + Level 9.5 Polearms
 + Level 7.7 Armour
 + Level 3.1 Dodging
 + Level 0.6 Stealth
 + Level 7.0 Shields
 + Level 0.1 Invocations
 + Level 1.4 Evocations


You had 10 spell levels left.
You didn't know any spells.
Your spell library contained the following spells:

 Spells                   Type           Power      Damage    Failure   Level
 Blink                    Tloc           N/A        N/A       100%        2
 Passwall                 Tmut/Erth      0%         N/A       100%        2
 Gell's Gravitas          Tloc           0%         N/A       100%        3
 Lesser Beckoning         Tloc           0%         N/A       100%        3
 Swiftness                Air            0%         N/A       100%        3
 Teleport Other           Tloc           0%         N/A       100%        3
 Manifold Assault         Tloc           0%         N/A       100%        5
 Invisibility             Hex            0%         N/A       100%        6
 Storm Form               Tmut/Air       0%         N/A       100%        7


Dungeon Overview and Level Annotations

Branches:
Dungeon (9/15)             Temple (0/1) D:6            Lair (0/6) D:9
Ossuary (visited)
    Orc: D:9-12

Altars:
Fedhas
Hepliaklqana
Kikubaaqudgha
Makhleb
Nemelex Xobeh
Qazlal
Sif Muna
Trog
Uskayaw
Wu Jian
Xom
Zin
The Shining One

Shops:
D:2 [?   D:5 (   D:6 !


Innate Abilities, Weirdness & Mutations

You have sharp toenails.
You are mostly covered in thin metallic scales. (AC +3)
A weak demonic guardian rushes to your aid.
Spells you cast may paralyse adjacent enemies.


Message History

Press: ? - help, Dir - move target You reach to attack!
You miss something.
You feel sick.
You hit something but do no damage.
You feel sick. Something hits you but does no damage.
Something bites you but does no damage.
The kobold brigand throws a curare-tipped dart.
Something hits you but does no damage. You block something's attack.
The kobold brigand throws a curare-tipped dart.
The curare-tipped dart hits you.
You are more poisoned.
You have difficulty breathing.
You feel as though you will be slow longer.
You closely miss something. You claw something.
You feel very sick.
You hear some strange, mumbled words.
Something tries to affect you, but you resist.
Unknown command.
Unknown command.
You puncture something! You claw something!
You feel very sick. Something hits you but does no damage.
Something bites you but does no damage.
The kobold brigand throws a curare-tipped dart.
Something hits you but does no damage. Something bites you.
* * * LOW HITPOINT WARNING * * *
A demonic guardian appears!
Something draws strength from your injuries!
Unknown command.
Okay, then.
Aiming: Corrosive Bolt
Press: ? - help, Shift-Dir - straight line, f - kobold brigand
Aim: a kobold brigand, wielding a +0 whip, wearing a +0 ring mail and quivering curare-tipped darts (68% to hit)
The bolt of acid hits something.
The bolt of acid hits the kobold brigand!
The kobold brigand is splashed with acid.
The acid corrodes the kobold brigand!
The kobold brigand is heavily wounded.
You feel very sick. Something hits you.
* * * LOW HITPOINT WARNING * * *
Something bites you!
You die...

.. ...# #.
...# #. ...
#.#''# #....
#... #.)#
#.5# ##@# #{#
######K#
#...o..#
#......#
#......#
###....# .#
#....######.#
####........#


You could see a kobold brigand (corroded) and a friendly shadow imp (summoned).

Vanquished Creatures
  A fire dragon (D:9)
  A hydra (D:8)
  A wizard (D:9)
  A kobold demonologist (D:8)
  Grinder (D:6)
  3 slime creatures (D:8)
  A wyvern (D:9)
  6 yaks (D:9)
  2 water moccasins
  5 orc warriors
  3 sky beasts
  3 necrophages
  4 centaurs (D:9)
  An ogre (D:7)
  A boggart (D:9)
  2 bullfrogs (D:8)
  2 kobold brigands
  2 scorpions
  A wyvern skeleton (D:3)
  4 wights (D:9)
  12 killer bees
  3 electric eels (D:7)
  6 howler monkeys
  2 centaur zombies
  7 orc priests
  Crazy Yiuf (D:4)
  4 hounds
  4 centaur skeletons
  2 iguanas (D:5)
  4 orc wizards
  8 mummies (Ossuary)
  A howler monkey zombie (D:8)
  8 gnolls
  A howler monkey skeleton (D:5)
  9 adders
  5 shadow imps (D:8)
  2 white imps
  3 ufetubi
  A worm (D:2)
  4 dart slugs
  19 orcs
  4 ball pythons
  4 bats
  7 endoplasms
  4 giant cockroaches
  13 goblins
  6 hobgoblins
  11 kobolds
  2 quokkas
  5 frilled lizards
  A gnoll zombie (Ossuary)
  3 hobgoblin zombies (Ossuary)
  2 kobold zombies (Ossuary)
  An orc zombie (Ossuary)
  3 rats (D:3)
217 creatures vanquished.

Vanquished Creatures (collateral kills)
  A two-headed ogre (D:9)
  An acid dragon (D:8)
  2 orc warriors
  A bullfrog (D:7)
  4 killer bees (D:9)
  A wight (D:9)
  A hound (D:2)
  A worm (D:2)
  An orc (D:6)
  A goblin (D:2)
  A ball python (D:4)
  An orc zombie (Ossuary)
16 creatures vanquished.

Vanquished Creatures (others)
  An orc wizard (D:9)
  3 fungi (D:1)
  12 plants (D:4)
16 creatures vanquished.

Grand Total: 249 creatures vanquished

Notes
Turn   | Place    | Note
-------+----------+-------------------------------------------
     0 | D:1      | McKennaii the Demonspawn Fighter began the quest for the
                  | Orb.
     0 | D:1      | Reached XP level 1. HP: 18/18 MP: 1/1
   117 | D:1      | Gained mutation: A weak demonic guardian rushes to your
                  | aid. [demonic ancestry]
   117 | D:1      | Reached XP level 2. HP: 24/24 MP: 2/2
   495 | D:2      | Found a faded altar of an unknown god.
   693 | D:2      | Gained mutation: You are partially covered in thin metallic
                  | scales. (AC +2) [demonic ancestry]
   693 | D:2      | Reached XP level 3. HP: 21/29 MP: 3/3
   824 | D:2      | Found Wubabagy's Magic Scroll Emporium.
   834 | D:2      | Bought a scroll of teleportation for 30 gold pieces
   931 | D:2      | Reached XP level 4. HP: 35/35 MP: 4/4
   963 | D:2      | Found Sumpir's Antique Armour Shop.
  1836 | D:3      | Found a shimmering blue altar of Sif Muna.
  1898 | D:3      | Gained mutation: You are mostly covered in thin metallic
                  | scales. (AC +3) [demonic ancestry]
  1898 | D:3      | Reached XP level 5. HP: 34/41 MP: 5/5
  2318 | D:4      | Found a hide-covered altar of Uskayaw.
  2583 | D:4      | Gained mutation: You have sharp toenails. [demonic
                  | ancestry]
  2583 | D:4      | Reached XP level 6. HP: 43/48 MP: 6/6
  2627 | D:4      | Found a stormy altar of Qazlal.
  2689 | D:4      | Found a runed translucent door.
  2690 | D:4      | Noticed Crazy Yiuf
  3131 | D:4      | Found a burning altar of Makhleb.
  3149 | D:4      | Reached skill level 1 in Dodging
  3156 | D:4      | Became a worshipper of Makhleb the Destroyer
  3372 | D:4      | Killed Crazy Yiuf
  3427 | D:5      | Entered Level 5 of the Dungeon
  3435 | D:5      | Found Ighadu's Weapon Emporium.
  3555 | D:5      | Reached XP level 7. HP: 54/54 MP: 7/7
  3982 | D:5      | Reached skill level 5 in Polearms
  4392 | D:6      | Found a hazy altar of Hepliaklqana.
  4474 | D:6      | Found an ancient bone altar of Kikubaaqudgha.
  4485 | D:6      | Reached skill level 5 in Armour
  4521 | D:6      | Found a blossoming altar of Fedhas.
  4530 | D:6      | Noticed Grinder
  4536 | D:6      | Paralysed by Grinder for 3 turns
  4564 | D:6      | Paralysed by Grinder for 3 turns
  4571 | D:6      | Killed Grinder
  4572 | D:6      | Reached XP level 8. HP: 54/61 MP: 8/8
  4603 | D:6      | Reached * piety under Makhleb
  4604 | D:6      | Reached skill level 5 in Fighting
  4625 | D:6      | Found a bloodstained altar of Trog.
  4821 | D:6      | Found a sparkling altar of Nemelex Xobeh.
  4979 | D:6      | Found Myugh's Distillery.
  4982 | D:6      | Bought a potion of heal wounds for 70 gold pieces
  4982 | D:6      | Bought a potion of curing for 42 gold pieces
  4982 | D:6      | Bought a potion of mutation for 112 gold pieces
  4982 | D:6      | Bought a potion of lignification for 42 gold pieces
  5063 | D:6      | Found a staircase to the Ecumenical Temple.
  5284 | D:7      | Found a sand-covered staircase.
  5289 | Ossuary  | Entered an ossuary
  5336 | Ossuary  | Reached ** piety under Makhleb
  5343 | Ossuary  | Reached skill level 5 in Shields
  5679 | D:7      | Gained mutation: Spells you cast may paralyse adjacent
                  | enemies. [demonic ancestry]
  5679 | D:7      | Reached XP level 9. HP: 69/69 MP: 9/9
  5828 | D:7      | Identified the +2 long sword of the Realm of Zot {vorpal,
                  | rC- rN+ rCorr Dex+3}
  6295 | D:8      | Found a transporter.
  6298 | D:8      | Noticed a kobold demonologist
  6311 | D:8      | Found a transporter.
  6363 | D:8      | Noticed a rust devil
  6364 | D:8      | Reached *** piety under Makhleb
  6431 | D:8      | Noticed a sun demon
  6431 | D:8      | Killed a kobold demonologist
  6763 | D:8      | Found an ornate altar of the Wu Jian Council.
  7043 | D:8      | Reached skill level 1 in Evocations
  7198 | D:8      | Killed a large slime creature
  7199 | D:8      | Reached XP level 10. HP: 63/80 MP: 10/10
  7544 | D:9      | Noticed a fire dragon
  7544 | D:9      | Found a staircase to the Lair.
  7559 | D:9      | Killed a fire dragon
  7774 | D:9      | Found a shimmering altar of Xom.
  7954 | D:9      | Noticed a two-headed ogre
  7973 | D:9      | Killed a two-headed ogre
  8057 | D:9      | Reached **** piety under Makhleb
  8100 | D:9      | Noticed a wizard
  8107 | D:9      | Killed a wizard
  8125 | D:9      | Noticed a five-headed hydra
  8221 | D:8      | Killed a five-headed hydra
  8222 | D:8      | Reached XP level 11. HP: 43/89 MP: 11/11
  8493 | D:9      | Slain by a vampire

Illustrated notes

Levels and vault maps discovered:
D:1:      onia_arrival_mini_spirals, layout_rooms, moated_statue,
          minmay_shallow_snake_nest
D:2:      minmay_skewed_foursquare, layout_basic, serial_shops, shop,
          nicolae_shop_crystal, shapermc_ecumenical_altar_ellora,
          serial_corexii_hall, corexii_hall_statues_l, corexii_hall_statues_l,
          minmay_hedge_maze, minmay_misc_feat_encased, hangedman_decor_push,
          grunt_ministairs_5, chequers_serial_rivers_micro_e, minivault_24,
          minmay_unequal
D:3:      minmay_door_path, layout_basic, old_standard_altar
D:4:      layout_loops_ring, lemuel_round_altar,
          nicolae_qazlal_scattered_showers, makhleb_heckhound_becter,
          nicolae_uskayaw_murder_on_the_dancefloor, serial_forest,
          infiniplex_forest_clump_long, infiniplex_forest_clump_curved,
          infiniplex_forest_clump_medium, infiniplex_forest_lined_ring,
          infiniplex_forest_corner_2, infiniplex_forest_end_3,
          infiniplex_forest_lined_1, infiniplex_forest_straight_5,
          infiniplex_forest_clump_small, infiniplex_forest_clump_long,
          cheibrodos_gnoll_hut, uniq_crazy_yiuf_cottage
D:5:      layout_basic, serial_shops, nicolae_shop_competitors_out_of_business,
          chequers_garden, kennysheep_donut, minmay_fractal_squares_gapless_5
D:6:      layout_cave_pools, grunt_temple_overflow_growth_and_decay,
          mainiacjoe_overflow_chevrons, amcnicky_altar_gilded,
          trog_hazing_becter, minmay_temple_entry_fiery, serial_shops,
          kennysheep_mini, uniq_grinder
D:7:      layout_loops_ring, lightli_ossuary_entry_decrepit_ruins,
          water_boxes_lemuel
D:8:      gammafunk_wand_slinger, layout_loops_cross, marbit_many_paths,
          mainiacjoe_overflow_small_starburst, serial_glass, glass_columns_b,
          glass_columns_b, glass_columns_c, glass_columns_b, glass_columns_b,
          glass_columns_a, glass_columns_b, glass_columns_a, item_on_display_a
D:9:      minmay_imperfect_grid, layout_irregular_city, general_overflow_altar,
          minmay_lair_entry_lava, minivault_24, dk_vineyard_3

Skill      XL: |  1  2  3  4  5  6  7  8  9 10 11 |
---------------+----------------------------------+-----
Armour         | 3 4 5 6 7 |  7.7
Polearms       | 2 3 4 5 6 8 9 |  9.5
Shields        | 3 4 5 6 7 |  7.0
Dodging        | 1 2 3 |  3.1
Fighting       | 4 6 7 9 |  9.2
Evocations     | 1 |  1.4
Stealth        | |  0.6
Invocations    | |  0.1

Action                   |  1- 3 |  4- 6 |  7- 9 | 10-12 || total
-------------------------+-------+-------+-------+-------++-------
Melee: Trident           |   110 |   243 |   444 |   324 ||  1121
       Kick              |       |    18 |   176 |   137 ||   331
Invok: Lesser Servant of |       |       |       |     1 ||     1
Evoke: Wand              |       |       |     7 |     7 ||    14
  Use: Scroll            |       |       |     3 |       ||     3
       Potion            |       |       |     2 |       ||     2
 Stab: Distracted        |       |     1 |       |       ||     1
Armor: Scale mail        |    21 |    90 |    43 |       ||   154
       Chain mail        |       |       |   218 |   218 ||   436
Dodge: Dodged            |    38 |   118 |   109 |    86 ||   351
Block: Kite shield       |    35 |   100 |   236 |   213 ||   584
